 Dungeon Crawl Stone Soup version 0.23-a0-470-g6f7cfd9 (webtiles) character file.

67138 Gruud the Black Belt (level 14, -1/85 HPs)
             Began as a Demonspawn Necromancer on Nov 20, 2018.
             Was an Initiate of Uskayaw.
             Slain by a tyrant leech (24 damage)
             ... on level 1 of the Spider Nest on Nov 26, 2018.
             The game lasted 02:24:20 (20034 turns).

Gruud the Black Belt (Demonspawn Necromancer)      Turns: 20034, Time: 02:24:21

Health: -1/85      AC: 28    Str: 14    XL:     14   Next: 81%
Magic:  3/21       EV:  9    Int: 18    God:    Uskayaw [......]
Gold:   95         SH:  0    Dex: 17    Spells: 0/17 levels left

rFire    + . .     SeeInvis .     - Unarmed
rCold    + . .     Gourm    .   k - +0 buckler (curse)
rNeg     + . .     Faith    .   G - +0 ring mail of Responsibility {rPois rC+}
rPois    +         Spirit   .   F - +2 helmet
rElec    +         Reflect  .   y - +2 cloak {+Inv}
rCorr    .         Harm     .   (no gloves)
MR       +....                  i - +1 pair of boots
Stlth    +.........             (no amulet)
HPRegen  2.24/turn              N - +3 ring of protection
MPRegen  0.17/turn              g - ring of Leumiopp {rElec rF+ Str+3 Int+2}

@: sanguine armour, held, regenerating (expiring), studying 2 skills
A: claws 2, demonic guardian 2, negative energy resistance 1, powered by death
2, sanguine armour 2
a: Renounce Religion, Evoke Invisibility


You were on level 1 of the Spider Nest.
You worshipped Uskayaw.
Uskayaw was aware of your devotion.
You were not hungry.

You visited 5 branches of the dungeon, and saw 24 of its levels.
You visited 1 bazaar.
You also visited: Labyrinth, Bailey and Volcano.

You collected 3133 gold pieces.
You spent 3038 gold pieces at shops.

Inventory:

Hand Weapons
 b - a +0 fustibalus
 P - a +2 hunting sling of freezing
Missiles
 a - 56 tomahawks of returning (quivered)
 A - a throwing net
 K - 65 sling bullets
 S - 7 javelins of penetration
Armour
 i - a +1 pair of boots (worn)
 k - a cursed +0 buckler (worn)
 m - a +0 shield
 s - a +4 ring mail of fire resistance
 y - a +2 cloak of invisibility (worn)
 F - a +2 helmet (worn)
 G - the +0 ring mail of Responsibility (worn) {rPois rC+}
   (You found it on level 8 of the Dungeon)

   It protects you from cold.
   It protects you from poison.
 H - a +0 troll leather armour
 W - +0 acid dragon scales
Jewellery
 e - an uncursed ring of positive energy
 g - the ring of Leumiopp (right claw) {rElec rF+ Str+3 Int+2}
   (You found it on level 9 of the Dungeon)

   [ring of intelligence]

   It affects your strength (+3).
   It affects your intelligence (+2).
   It protects you from fire.
   It insulates you from electricity.
 D - an uncursed ring of protection from fire
 N - a +3 ring of protection (left claw)
 R - the ring of Attitude {+Fly rElec AC+2 Str+5 Int-4}
   (You found it on level 3 of the Lair of Beasts)

   [ring of protection]

   It affects your AC (+2).
   It affects your strength (+5).
   It affects your intelligence (-4).
   It insulates you from electricity.
   It lets you fly.
Wands
 h - a wand of digging (6)
 n - a wand of acid (12)
 p - a wand of enslavement (17)
 T - a wand of disintegration (12)
 Y - a wand of iceblast (9)
Scrolls
 d - 13 scrolls of remove curse
 j - a scroll of torment
 q - 7 scrolls of teleportation
 v - 7 scrolls of enchant weapon
 B - 2 scrolls of fog
 E - a scroll of identify
 I - a scroll of amnesia
 L - 2 scrolls of enchant armour
 Q - a scroll of blinking
 U - a scroll of summoning
 X - a scroll of immolation
 Z - 2 scrolls of fear
Potions
 f - 3 potions of mutation
 l - 4 potions of berserk rage
 t - a potion of might
 u - 7 potions of resistance
 w - 4 potions of brilliance
 x - 7 potions of curing
 z - 3 potions of lignification
 M - 2 potions of magic
Books
 r - a manual of
Armour
 V - a manual of Necromancy
Miscellaneous
 o - a phantom mirror
 J - a phial of floods
 O - a sack of spiders
Comestibles
 c - 30 rations
 C - 14 chunks of flesh


   Skills:
 + Level 10.3 Armour
 - Level 9.2 Dodging
 - Level 1.7 Stealth
 - Level 4.0 Shields
 - Level 15.4 Unarmed Combat
 - Level 2.0 Spellcasting
 - Level 3.0 Charms
 * Level 12.3 Necromancy
 - Level 3.5 Earth Magic
 - Level 10.6 Invocations


You couldn't memorise any spells.
You knew the following spells:

 Your Spells              Type           Power        Failure   Level  Hunger
a - Borgnjor's Vile Clut  Necr/Erth      ####......   32%         5    ######.
b - Animate Skeleton      Necr           N/A          1%          1    #......
c - Vampiric Draining     Necr           #####.....   1%          3    ###....
d - Regeneration          Chrm/Necr      ####......   4%          3    ###....
e - Apportation           Tloc           #.....       30%         1    #......
f - Animate Dead          Necr           N/A          1%          4    #####..

Your spell library contained the following spells:

 Spells                   Type           Power        Failure   Level  Hunger
 Pain                     Necr           ####         1%          1    #......
 Confusing Touch          Hex            #.....       30%         1    #......
 Corona                   Hex            #......      30%         1    #......
 Flame Tongue             Conj/Fire      #....        30%         1    #......
 Magic Dart               Conj           #...         30%         1    #......
 Summon Small Mammal      Summ           #...         30%         1    #......
 Death Channel            Necr           #####.....   30%         6    #######
 Ensorcelled Hibernation  Hex/Ice        #.....       43%         2    ###....
 Searing Ray              Conj           #.....       43%         2    ###....
 Slow                     Hex            #.......     43%         2    ###....
 Ozocubu's Armour         Chrm/Ice       #.......     45%         3    ###....
 Spectral Weapon          Hex/Chrm       #.......     45%         3    ###....
 Confuse                  Hex            #.......     67%         3    ###....
 Conjure Flame            Conj/Fire      #.......     67%         3    ###....
 Dazzling Spray           Conj/Hex       #.....       67%         3    ###....
 Gell's Gravitas          Tloc           #.........   67%         3    ###....
 Mephitic Cloud           Conj/Pois/Air  #.......     67%         3    ###....
 Recall                   Summ/Tloc      N/A          67%         3    ###....
 Spider Form              Tmut/Pois      #.........   67%         3    ###....
 Tukima's Dance           Hex            #.......     67%         3    ###....
 Petrify                  Tmut/Erth      #.......     83%         4    #####..
 Cause Fear               Hex            #.........   97%         4    #####..
 Force Lance              Conj/Tloc      #.......     97%         4    #####..
 Fulminant Prism          Conj/Hex       #.........   97%         4    #####..
 Iskenderun's Mystic Bla  Conj           #.......     97%         4    #####..
 Summon Lightning Spire   Summ/Air       #.......     97%         4    #####..
 Simulacrum               Ice/Necr       ###.......   98%         6    #######
 Metabolic Englaciation   Hex/Ice        #.........   100%        5    ######.
 Silence                  Hex/Air        #.........   100%        5    ######.
 Yara's Violent Unravell  Hex/Tmut       #.........   100%        5    ######.
 Bolt of Fire             Conj/Fire      #.........   100%        6    #######
 Conjure Ball Lightning   Conj/Air       #.........   100%        6    #######
 Darkness                 Hex            #.........   100%        6    #######
 Deflect Missiles         Chrm/Air       #.........   100%        6    #######
 Dragon Form              Tmut           #.........   100%        7    #######
 Dragon's Call            Summ           #.........   100%        9    #######
 Tornado                  Air            #.........   100%        9    #######


Dungeon Overview and Level Annotations

Branches:
Dungeon (14/15)            Temple (1/1) D:4            Lair (6/6) D:8
 Shoals (0/4) Lair:2       Spider (1/4) Lair:3        Slime (0/5) Lair:6
    Orc (2/2) D:11            Elf (0/3) Orc:2
 Vaults: D:13-14

Altars:
Ashenzari
Cheibriados
Dithmenos
Elyvilon
Fedhas
Gozag
Hepliaklqana
Kikubaaqudgha
Makhleb
Qazlal
Ru
Trog
Uskayaw
Wu Jian
Yredelemnul
Zin
The Shining One

Shops:
D:10 [   D:13 %   Orc:2 :[[[

Annotations:
D:13 2 runed doors, derval's ghost, journeyman DDEE
Lair:2 exclusion: oklob plant


Innate Abilities, Weirdness & Mutations

You have very sharp fingernails.
A demonic guardian rushes to your aid.
You resist negative energy. (rN+)
You regenerate health from kills.
When seriously injured, your bleeding wounds create thick armour. (AC +9)


Message History

The jumping spider barely misses you.
The jumping spider leaps!
A tyrant leech comes into view.
The wolf spider hits you. The wolf spider bites you!
You can now stomp with the beat.
Unknown command.
You stomp with the beat, sending a shockwave through the revelers around you!
The wolf spider is severely wounded.
The jumping spider is moderately wounded.
You kill the jumping spider!
The tyrant leech is severely wounded.
You feel somewhat more hungry.
You can no longer stomp with the beat.
Your skin is crawling a little less now.
Your sixfirhy hits the jumping spider.
Your sixfirhy shocks the jumping spider!
The jumping spider pounces on you!
* * * LOW HITPOINT WARNING * * *
You are even more entangled.
The jumping spider barely misses you. The tyrant leech bites you!!
You die...

...........§...
...s........s...
.................
.................
......)..........
......§.........s
......3.s........
......s@s....s...
.^......w........
.................
.................
.............?...
.................
..w.........≈≈≈≈≈
......$...w≈≈≈≈≈≈
........≈≈≈#####


You could see 3 tyrant leeches, 3 wolf spiders, an orb spider, 2 jumping spiders
and a friendly sixfirhy.

Vanquished Creatures
  A minotaur (Lab)
  4 hydras
  A centaur warrior (D:11)
  6 death yaks
  A two-headed ogre (Volcano)
  6 orc high priests
  Urug (D:10)
  3 unseen horrors (D:11)
  A wizard (D:14)
  A lindwurm (Lair:4)
  A deep elf mage (D:11)
  3 ugly things
  4 orc knights (Orc:2)
  An orb spider (Lair:3)
  A cyclops (Orc:1)
  A manticore (Lair:2)
  2 orc sorcerers (Orc:2)
  A salamander (Volcano)
  Maurice (D:8)
  3 black mambas
  7 elephants (Lair:6)
  4 spiny frogs
  The ghost of galech the Chopper, a novice DsFi (D:5)
  A rime drake (Lair:4)
  A kobold demonologist (D:11)
  6 komodo dragons
  A redback zombie (D:14)
  A queen bee (D:11)
  A tengu conjurer (D:13)
  4 hornets
  7 polar bears
  A jumping spider (Spider:1)
  2 trolls
  3 tyrant leeches
  8 dream sheep
  7 hippogriffs
  11 blink frogs
  8 redbacks
  6 spriggans (Lair:6)
  A shadow (D:12)
  A vampire (D:12)
  3 wraiths (D:12)
  A wyvern (Lair:6)
  16 yaks
  A basilisk (Lair:6)
  A vampire mosquito (D:11)
  2 steam dragons
  6 hungry ghosts
  A warg (Orc:1)
  8 water moccasins
  2 acid dragons
  6 porcupines
  2 hell hounds (Volcano)
  32 orc warriors
  2 black bears (Lair:6)
  A sky beast (D:9)
  3 phantoms
  11 ogres
  25 wolves
  9 centaurs
  4 boggarts (Lair:6)
  3 crocodiles
  2 big kobolds (D:13)
  A wyvern zombie (D:8)
  10 bullfrogs
  An earth elemental (Lab)
  A gnoll sergeant (Orc:2)
  A scorpion (D:10)
  18 killer bees (D:11)
  3 wights (D:7)
  An electric eel (Lair:4)
  4 lava snakes (Lab)
  4 howler monkeys
  4 bullfrog zombies
  5 crimson imps
  5 hounds
  8 jellies
  2 bullfrog skeletons
  3 centaur skeletons
  33 orc priests
  4 iguanas
  9 orc wizards
  8 worker ants
  A worker ant zombie (D:9)
  9 adders
  4 gnolls
  A howler monkey skeleton (D:4)
  2 shadow imps
  An adder zombie (D:5)
  An adder skeleton (D:6)
  4 worms (D:2)
  3 dart slugs
  5 leopard geckos
  62 orcs
  5 ball pythons
  7 bats
  4 giant cockroaches
  6 goblins
  10 hobgoblins
  20 jackals
  6 quokkas
  3 frilled lizards
  28 kobolds
  A leopard gecko skeleton (D:5)
  5 rats
579 creatures vanquished.

Vanquished Creatures (collateral kills)
  Gastronok (D:8)
  Josephine (D:12)
  A hydra (Lair:5)
  A two-headed ogre (D:9)
  2 death yaks
  An orc knight (Orc:2)
  A deep elf mage (D:12)
  2 salamanders (Volcano)
  5 elephants (Lair:6)
  A black mamba (Lair:6)
  A torpor snail (Lair:3)
  2 spiny frogs
  A rime drake (Lair:2)
  2 komodo dragons
  A tengu conjurer (D:13)
  A troll (D:11)
  2 blink frogs (Lair:6)
  5 hippogriffs
  A hornet (Lair:6)
  11 dream sheep
  6 spriggans (Lair:6)
  A fire bat (Volcano)
  A wraith (D:12)
  10 yaks
  A basilisk (Lair:2)
  A vampire mosquito (D:11)
  A warg (Orc:1)
  A hell hound (Volcano)
  2 water moccasins (Lair:6)
  A porcupine (Lair:3)
  7 orc warriors
  4 ogres
  A phantom (D:9)
  3 wolves
  2 centaurs
  A crocodile (Lair:5)
  5 bullfrogs
  A killer bee (D:11)
  A howler monkey (D:9)
  2 wights (D:7)
  A crimson imp (D:11)
  2 hounds
  8 jellies (Lair:6)
  3 orc priests (Orc:2)
  An orc wizard (D:3)
  A bullfrog skeleton (D:9)
  An adder (D:9)
  An ooze (Lair:6)
  8 orcs
  2 goblins (Bailey)
  A hobgoblin (Bailey)
  2 kobolds
  6 fungi
  4 plants
136 creatures vanquished.

Vanquished Creatures (others)
  2 orcs (Orc:2)
  A bush (Lair:6)
  26 fungi
  12 plants
41 creatures vanquished.

Grand Total: 756 creatures vanquished

Notes
Turn   | Place    | Note
-------+----------+-------------------------------------------
     0 | D:1      | Gruud the Demonspawn Necromancer began the quest for the
                  | Orb.
     0 | D:1      | Reached XP level 1. HP: 13/13 MP: 3/3
     6 | D:1      | Learned a level 1 spell: Animate Skeleton
   273 | D:1      | Gained mutation: A weak demonic guardian rushes to your
                  | aid. [demonic ancestry]
   273 | D:1      | Reached XP level 2. HP: 18/19 MP: 1/5
   304 | D:1      | Reached skill level 5 in Necromancy
  1133 | D:1      | Gained mutation: You regenerate a little health from kills.
                  | [demonic ancestry]
  1133 | D:1      | Reached XP level 3. HP: 22/24 MP: 1/6
  1340 | D:2      | Learned a level 3 spell: Vampiric Draining
  1662 | D:2      | Found a faded altar of an unknown god.
  1703 | D:2      | Gained mutation: You have sharp fingernails. [demonic
                  | ancestry]
  1703 | D:2      | Reached XP level 4. HP: 18/30 MP: 0/7
  2151 | D:3      | Reached skill level 1 in Unarmed Combat
  2168 | D:3      | Reached skill level 2 in Unarmed Combat
  2537 | D:3      | Gained mutation: When seriously injured, your bleeding
                  | wounds create armour. (AC +9) [demonic ancestry]
  2537 | D:3      | Reached XP level 5. HP: 17/35 MP: 1/8
  2552 | D:3      | Learned a level 3 spell: Regeneration
  2573 | D:3      | Found a blossoming altar of Fedhas.
  3099 | D:4      | Noticed an ogre
  3128 | D:4      | Upgraded the game from 0.23-a0-448-g1c01f63 to
                  | 0.23-a0-449-g8e4cbf7
  3128 | D:4      | Noticed a phantom
  3167 | D:4      | Reached skill level 3 in Unarmed Combat
  3185 | D:4      | Found a staircase to the Ecumenical Temple.
  3193 | Temple   | Entered the Ecumenical Temple
  3245 | Temple   | Became a worshipper of Uskayaw the Reveler
  3326 | D:4      | Reached * piety under Uskayaw
  3328 | D:4      | Reached ** piety under Uskayaw
  3341 | D:4      | Killed a phantom
  3341 | D:4      | Reached skill level 4 in Unarmed Combat
  3341 | D:4      | Reached XP level 6. HP: 27/41 MP: 6/9
  3530 | D:4      | Upgraded the game from 0.23-a0-449-g8e4cbf7 to
                  | 0.23-a0-451-g1044d4c
  3599 | D:5      | Entered Level 5 of the Dungeon
  3689 | D:5      | Reached *** piety under Uskayaw
  3690 | D:5      | Reached skill level 5 in Unarmed Combat
  3944 | D:4      | Found a blossoming altar of Fedhas.
  3944 | D:4      | Found a stormy altar of Qazlal.
  3945 | D:4      | Found an ancient bone altar of Kikubaaqudgha.
  4019 | D:5      | Reached XP level 7. HP: 41/46 MP: 7/10
  4028 | D:5      | Found a shattered altar of Ashenzari.
  4032 | D:5      | Saw a vision of the Shoals and the Spider Nest.
  4032 | D:5      | Noticed a sea snake
  4032 | D:5      | Noticed a redback
  4032 | D:5      | Noticed a redback
  4032 | D:5      | Noticed a redback
  4034 | D:5      | Noticed a wolf spider
  4034 | D:5      | Noticed a redback
  4035 | D:5      | Noticed a hippogriff
  4036 | D:5      | Noticed a wolf spider
  4212 | D:5      | Found an ornate altar of the Wu Jian Council.
  4286 | D:5      | Found a transporter.
  4286 | D:5      | Noticed galech's ghost (novice DsFi)
  4289 | D:5      | Found a transporter.
  4721 | D:6      | Reached skill level 6 in Unarmed Combat
  5101 | D:6      | Reached skill level 7 in Unarmed Combat
  5606 | D:5      | Reached XP level 8. HP: 50/52 MP: 7/11
  5800 | D:7      | Reached skill level 8 in Unarmed Combat
  5860 | D:7      | Found a basalt altar of Yredelemnul.
  5994 | D:7      | Noticed a hippogriff
  6035 | D:7      | Reached skill level 1 in Charms
  6048 | D:7      | Killed a hippogriff
  6053 | D:7      | Reached **** piety under Uskayaw
  6166 | D:7      | Reached skill level 9 in Unarmed Combat
  6581 | D:8      | Noticed Maurice
  6617 | D:8      | Found a staircase to the Lair.
  6665 | D:8      | Noticed Gastronok
  6740 | D:8      | Learned a level 1 spell: Apportation
  6819 | D:8      | Gained mutation: You have very sharp fingernails. [demonic
                  | ancestry]
  6819 | D:8      | Reached XP level 9. HP: 49/57 MP: 9/12
  6836 | D:8      | Got a bronze ring mail
  6837 | D:8      | Identified the cursed +0 ring mail of Responsibility {rPois
                  | rC+} (You found it on level 8 of the Dungeon)
  6907 | D:8      | Killed Maurice
  6907 | D:8      | Reached skill level 10 in Unarmed Combat
  6963 | D:8      | Reached skill level 1 in Invocations
  7362 | D:9      | Reached skill level 5 in Invocations
  7384 | D:9      | Found a flagged portal.
  7428 | D:9      | Noticed a two-headed ogre
  7445 | D:9      | Reached skill level 1 in Armour
  7445 | D:9      | Killed a two-headed ogre
  7471 | D:9      | Reached ***** piety under Uskayaw
  7526 | Bailey   | Entered a bailey
  7702 | Bailey   | Gained mutation: A demonic guardian rushes to your aid.
                  | [demonic ancestry]
  7702 | Bailey   | Reached XP level 10. HP: 35/63 MP: 0/13
  8047 | D:9      | Got a flickering brass ring
  8054 | D:9      | Identified the ring of Leumiopp {rElec rF+ Str+3 Int+2}
                  | (You found it on level 9 of the Dungeon)
  8132 | D:10     | Entered Level 10 of the Dungeon
  8139 | D:10     | Reached skill level 11 in Unarmed Combat
  8225 | D:10     | Noticed Urug
  8258 | D:10     | Killed Urug
  8448 | D:10     | Noticed a green ugly thing
  8459 | D:10     | Killed a green ugly thing
  8590 | D:10     | Found Lohe's Antique Armour Shoppe.
  8777 | D:11     | Killed an unseen horror
  8796 | D:11     | Learned a level 4 spell: Animate Dead
  8861 | D:11     | Noticed a rust devil
  8872 | D:11     | Reached skill level 12 in Unarmed Combat
  8895 | D:11     | Noticed a centaur warrior
  8905 | D:11     | Killed a centaur warrior
  8905 | D:11     | Reached skill level 5 in Dodging
  8912 | D:11     | Noticed a white ugly thing
  8914 | D:11     | Found a labyrinth entrance.
  8921 | D:11     | Killed a white ugly thing
  8949 | D:11     | Killed an unseen horror
  8949 | D:11     | Gained mutation: You regenerate health from kills. [demonic
                  | ancestry]
  8949 | D:11     | Reached XP level 11. HP: 43/68 MP: 2/14
  8959 | Lab      | Entered a labyrinth
  9332 | Lab      | Got a brightly glowing emerald amulet
  9340 | Lab      | Identified the amulet "Niqyic" {Harm *Drain *Slow rN+
                  | Str+6} (You found it in a labyrinth)
  9412 | Lab      | Reached skill level 5 in Armour
  9673 | Lab      | Noticed a minotaur
  9709 | Lab      | Killed a minotaur
  9840 | D:11     | Killed an unseen horror
  9849 | D:11     | Noticed a deep elf mage
  9855 | D:11     | Killed a deep elf mage
 10152 | D:11     | Reached ****** piety under Uskayaw
 10164 | D:11     | Reached skill level 13 in Unarmed Combat
 10365 | D:11     | Found a staircase to the Orcish Mines.
 10573 | D:12     | Noticed a deep elf mage
 10580 | D:12     | Killed a deep elf mage
 10631 | D:12     | Noticed Josephine
 10636 | D:12     | Killed Josephine
 11106 | D:13     | Gained mutation: You resist negative energy. (rN+) [demonic
                  | ancestry]
 11106 | D:13     | Reached XP level 12. HP: 73/74 MP: 16/16
 11180 | D:13     | Found a runed door.
 11186 | D:13     | Found a runed door.
 11188 | D:13     | Noticed a frost giant
 11189 | D:13     | Noticed derval's ghost (journeyman DDEE)
 11190 | D:13     | Noticed a lich
 11191 | D:13     | Noticed a yaktaur captain
 11266 | D:13     | Found Redah's Food Shop.
 11603 | D:14     | Reached skill level 1 in Shields
 11942 | D:13     | Upgraded the game from 0.23-a0-451-g1044d4c to
                  | 0.23-a0-455-ge12115f
 12104 | Orc:1    | Entered Level 1 of the Orcish Mines
 12219 | Orc:1    | Noticed an orc high priest
 12350 | D:8      | Killed Gastronok
 12558 | Lair:1   | Entered Level 1 of the Lair of Beasts
 12922 | Lair:1   | Noticed a five-headed hydra
 12929 | Lair:1   | Killed a five-headed hydra
 13233 | Lair:2   | Noticed a four-headed hydra
 13236 | Lair:2   | Killed a four-headed hydra
 13236 | Lair:2   | Reached skill level 14 in Unarmed Combat
 13373 | Lair:2   | Found a staircase to the Shoals.
 13596 | Lair:2   | Found a glowing silver altar of Zin.
 14173 | Lair:3   | Got a scintillating turquoise ring
 14174 | Lair:3   | Identified the ring of Attitude {+Fly rElec AC+2 Str+5
                  | Int-4} (You found it on level 3 of the Lair of Beasts)
 14649 | Lair:3   | Found a hole to the Spider Nest.
 14720 | Lair:4   | Reached XP level 13. HP: 78/79 MP: 19/19
 15057 | Lair:4   | Found a dark tunnel.
 15064 | Volcano  | Entered a volcano
 15702 | Lair:5   | Reached skill level 15 in Unarmed Combat
 15820 | Lair:5   | Identified Joetiz's Early Guide to Witchcraft
 16140 | Lair:6   | Entered Level 6 of the Lair of Beasts
 16243 | Lair:6   | Reached skill level 10 in Invocations
 16548 | Lair:6   | Gained mutation: When seriously injured, your bleeding
                  | wounds create thick armour. (AC +9) [demonic ancestry]
 16548 | Lair:6   | Reached XP level 14. HP: 85/85 MP: 17/21
 16596 | Lair:6   | Identified the Guide on Malediction
 16732 | Lair:6   | Learned a level 5 spell: Borgnjor's Vile Clutch
 16807 | Lair:6   | Found a staircase to the Slime Pits.
 16907 | Lair:6   | Reached skill level 1 in Earth Magic
 18258 | Orc:2    | Entered Level 2 of the Orcish Mines
 18258 | Orc:2    | Found a staircase to the Elven Halls.
 18473 | Orc:2    | Found a flickering gateway to a bazaar.
 18492 | Bazaar   | Entered a bazaar
 18496 | Bazaar   | Found Zukokhlerr's Gadget Boutique.
 18515 | Bazaar   | Found Haheteo's Magic Scroll Emporium.
 18532 | Bazaar   | Found Gure Isi's Gadget Boutique.
 18550 | Bazaar   | Found Tedolo's Book Shoppe.
 18590 | Bazaar   | Bought a manual of Armour for 1324 gold pieces
 18590 | Bazaar   | Bought a manual of Necromancy for 1324 gold pieces
 18783 | Orc:2    | Reached skill level 10 in Necromancy
 18961 | Orc:2    | Reached skill level 10 in Armour
 18976 | Orc:2    | Found Gigecwy's Antique Armour Boutique.
 18976 | Orc:2    | Found Osuok's Antique Armour Boutique.
 18977 | Orc:2    | Found Ticeq's Antique Armour Shop.
 18977 | Orc:2    | Found Mir Exuesh's Book Boutique.
 18995 | Orc:2    | Bought an embroidered cloak for 195 gold pieces
 19552 | Orc:2    | Bought a glowing cloak for 195 gold pieces
 19756 | D:5      | Killed galech's ghost
 19803 | D:6      | Upgraded the game from 0.23-a0-455-ge12115f to
                  | 0.23-a0-458-g93a6ea9
 19803 | D:6      | Upgraded the game from 0.23-a0-458-g93a6ea9 to
                  | 0.23-a0-470-g6f7cfd9
 19920 | Spider:1 | Entered Level 1 of the Spider Nest
 20034 | Spider:1 | Slain by a tyrant leech

Vault maps used:
D:1:      minmay_arrival_loop, serial_co_window_serial, co_window_corner_a,
          co_window_paths_b, co_window_paths_a, co_window_paths_a,
          co_window_paths_a, co_window_broadway_a, co_window_broadway_b,
          co_window_cross_3, co_window_of_opportunity_b, co_window_2corner,
          co_window_unsneaky_path_e, glass_columns_b, glass_columns_a
D:2:      chequers_ecumenical_altar_grove, bh_walls_and_bars
D:3:      fedhas_altar_4
D:4:      chequers_temple_overflow_statue_of_worship,
          minmay_temple_entry_nine_rooms, first_ration
D:5:      gammafunk_ghost_smash, basic_altar, minivault_27,
          grunt_ashenzari_visionary
D:7:      nicolae_overflow_crystal_walls
D:8:      dpeg_oklobed_lair, chequers_avenue, uniq_gastronok, uniq_maurice
D:9:      enter_bailey_6
D:10:     serial_shops, nicolae_shop_overgrown_old_shop, uniq_urug
D:11:     orc_0_dummy, lab_entry_generic, david_nohive_1
D:12:     uniq_josephine, uniq_rupert
D:13:     serial_shops, shop, muffindrake_ghost_dual_entry
D:14:     erik_vaults_1, kennysheep_treasure_room
Temple:   eino_narrow_crystal_temple
Lair:1:   cheibrodos_lair_lostbears
Lair:2:   minmay_lair_oklob_tunnel, minmay_shoals_entry_beasts, basic_altar,
          grunt_megastairs_3
Lair:3:   nicolae_spider_entry_orb_guardian
Lair:4:   enter_volcano_2, nicolae_quartered_pool_super, wad_woods_06,
          serial_bayou_shore_b
Lair:5:   infiniplex_staircase_pool_2, grunt_megastairs_5
Lair:6:   minmay_lair_end_enchanted_forest, minmay_slime_entry_jelly_boxes
Spider:1: worms_lemuel, uniq_frances
Orc:2:    st_orc_pillars, serial_shops, freezing_bzr, nicolae_orc_damp_corner,
          sword_in_stone
Lab:      labyrinth_spiral, nicolae_lab_t_cross, labyrinth_lava_lair,
          nicolae_lab_quarters, nicolae_lab_blocks, labyrinth_skeletal_remains,
          nicolae_lab_checkerboard, nicolae_lab_dead_end
Bazaar:   bazaar_jpeg_circle_common
Bailey:   bailey_axe_4, bailey
Volcano:  volcano_village

Skill      XL: |  1  2  3  4  5  6  7  8  9 10 11 12 13 14 |
---------------+-------------------------------------------+-----
Necromancy     | 5 6 12 | 12.3
Unarmed Combat | 2 4 5 7 9 10 12 13 14 15 | 15.4
Charms         | 2 3 |  3.0
Invocations    | 5 6 8 10 | 10.6
Dodging        | 3 5 6 7 9 |  9.2
Armour         | 2 4 6 7 8 10 | 10.3
Shields        | 3 4 |  4.0
Earth Magic    | 3 |  3.5
Stealth        | |  1.7
Spellcasting   | |  2.0

Action                   |  1- 3 |  4- 6 |  7- 9 | 10-12 | 13-15 || total
-------------------------+-------+-------+-------+-------+-------++-------
Melee: Short sword       |   111 |    48 |       |       |       ||   159
       Unarmed           |       |   207 |   263 |   649 |   870 ||  1989
       Punch             |       |     2 |    12 |    17 |       ||    31
 Fire: Hunting sling     |       |       |    18 |       |       ||    18
       Fustibalus        |       |       |       |     2 |       ||     2
Throw: Tomahawk          |       |       |    11 |       |       ||    11
 Cast: Pain              |    52 |    38 |    47 |     4 |       ||   141
       Animate Skeleton  |     6 |    13 |    19 |    38 |    29 ||   105
       Regeneration      |       |     5 |     4 |    30 |    26 ||    65
       Vampiric Draining |       |     1 |     1 |    11 |     5 ||    18
       Animate Dead      |       |       |       |     5 |    21 ||    26
       Borgnjor's Vile C |       |       |       |       |     8 ||     8
Invok: Stomp             |       |       |       |     4 |    11 ||    15
       Line Pass         |       |       |       |       |     1 ||     1
 Abil: Evoke Flight      |       |       |     1 |     1 |       ||     2
Evoke: Wand              |       |       |    10 |    21 |     2 ||    33
       Phial of floods   |       |       |       |     2 |       ||     2
  Use: Scroll            |       |     8 |     4 |    17 |     5 ||    34
       Potion            |       |       |       |     3 |     5 ||     8
 Stab: Sleeping          |       |     1 |     3 |     1 |       ||     5
       Distracted        |       |     1 |     1 |     3 |     8 ||    13
       Paralysed         |       |     1 |     6 |    29 |    57 ||    93
  Eat: Chunk             |     4 |     9 |    15 |    28 |    31 ||    87
       Ration            |       |       |       |     5 |     1 ||     6
Armor: Ring mail         |    62 |     5 |    46 |   225 |   247 ||   585
       Leather armour    |       |    87 |    34 |       |       ||   121
       Robe              |       |       |     5 |       |       ||     5
       Skin              |       |       |       |    47 |       ||    47
Dodge: Dodged            |    93 |   128 |   134 |   314 |   483 ||  1152
Block: Buckler           |       |       |       |    46 |   177 ||   223

Table legend:
 A = Non-vault XP
 B = Vault XP
 C = Vault XP percentage of total XP
 D = Non-vault monster count
 E = Vault monster count
 F = Vault count percentage of total count
                 A         B        C        D         E       F
            +---------+---------+-------+---------+---------+-------
      Total |   62805 |   33107 |  34.5 |     488 |     217 |  30.8
            +---------+---------+-------+---------+---------+-------
        D:1 |      41 |       0 |   0.0 |      22 |       0 |   0.0
        D:2 |      75 |       0 |   0.0 |      27 |       0 |   0.0
        D:3 |     116 |       0 |   0.0 |      24 |       0 |   0.0
        D:4 |     444 |       0 |   0.0 |      21 |       0 |   0.0
        D:5 |     274 |     650 |  70.3 |      15 |       3 |  16.7
        D:6 |     420 |       0 |   0.0 |      16 |       0 |   0.0
        D:7 |    1145 |       0 |   0.0 |      17 |       0 |   0.0
        D:8 |    1126 |    1730 |  60.6 |      19 |       2 |   9.5
        D:9 |    1526 |       0 |   0.0 |      17 |       0 |   0.0
       D:10 |    1326 |     493 |  27.1 |      12 |       1 |   7.7
       D:11 |    6113 |    1103 |  15.3 |      31 |      14 |  31.1
       D:12 |    2265 |    1268 |  35.9 |      19 |       4 |  17.4
       D:13 |    1898 |       0 |   0.0 |      31 |       0 |   0.0
       D:14 |    1588 |       0 |   0.0 |       5 |       0 |   0.0
     Lair:1 |    2447 |     474 |  16.2 |      10 |       2 |  16.7
     Lair:2 |    3564 |    1745 |  32.9 |      16 |       7 |  30.4
     Lair:3 |    3681 |    1126 |  23.4 |      19 |       3 |  13.6
     Lair:4 |    8282 |       0 |   0.0 |      26 |       0 |   0.0
     Lair:5 |    6396 |     306 |   4.6 |      20 |       1 |   4.8
     Lair:6 |   14510 |    8006 |  35.6 |      57 |      60 |  51.3
   Spider:1 |     502 |     286 |  36.3 |       2 |       1 |  33.3
      Orc:1 |    2607 |       0 |   0.0 |      38 |       0 |   0.0
      Orc:2 |    2459 |   10387 |  80.9 |      24 |      71 |  74.7
        Lab |       0 |    2420 | 100.0 |       0 |      12 | 100.0
     Bailey |       0 |     354 | 100.0 |       0 |      27 | 100.0
    Volcano |       0 |    2759 | 100.0 |       0 |       9 | 100.0
            +---------+---------+-------+---------+---------+-------
